 Dungeon Crawl Stone Soup version 0.25-a0-589-g1e14c549ee (webtiles) character file.

Game seed: 7117558772667136415, levelgen mode: deterministic

3555 Kohma the Grappler (level 9, -2/74 HPs)
             Began as a Green Draconian Transmuter on Mar 10, 2020.
             Was an Elder of Makhleb.
             Slain by a killer bee (4 damage)
             ... on level 8 of the Dungeon.
             The game lasted 00:27:08 (11109 turns).

Kohma the Grappler (Green Draconian Transmuter)    Turns: 11109, Time: 00:27:09

Health: -2/74      AC:  2    Str: 13    XL:     9   Next: 83%
Magic:  8/13       EV: 19    Int: 16    God:    Makhleb [****..]
Gold:   244        SH:  0    Dex: 17    Spells: 8/14 levels left

rFire    . . .     SeeInvis .     - Unarmed
rCold    . . .     Gourm    .   (shield currently unavailable)
rNeg     + . .     Faith    .   (armour unavailable)
rPois    x         Spirit   .   (helmet currently unavailable)
rElec    .         Reflect  .   (cloak currently unavailable)
rCorr    .         Harm     .   (gloves currently unavailable)
MR       .....                  (boots currently unavailable)
Stlth    ++........             (no amulet)
HPRegen  0.22/turn              t - ring of positive energy (curse)
MPRegen  0.13/turn              (no ring)

@: spider-form, very slightly contaminated
A: tiny, (breathe noxious fumes), unfitting armour, AC +7
a: End Transformation, Minor Destruction, Lesser Servant of Makhleb, Major
Destruction, Renounce Religion


You were on level 8 of the Dungeon.
You worshipped Makhleb.
Makhleb was greatly pleased with you.
You were hungry.
You were a venomous arachnid creature.
You visited 2 branches of the dungeon, and saw 9 of its levels.

You collected 430 gold pieces.
You spent 186 gold pieces at shops.

Inventory:

Hand Weapons
 o - a +0 dagger of electrocution
Missiles
 a - 186 arrows
 h - 12 sling bullets
 n - 13 poisoned darts (quivered)
Armour
 d - a +2 pair of boots (melded)
 r - a +0 kite shield
 v - a +0 cloak
 x - a scarf of resistance (melded)
Jewellery
 l - an uncursed ring of ice
 t - a cursed ring of positive energy (left front leg)
Wands
 f - a wand of disintegration (16)
 k - a wand of iceblast (5)
 p - a wand of enslavement (11)
Scrolls
 b - a scroll of enchant armour
 g - 2 scrolls of blinking
 i - 3 scrolls of teleportation
 j - a scroll of fear
 s - a scroll of remove curse
 u - a scroll of identify
Potions
 e - a potion of curing
 q - a potion of mutation
 w - a potion of haste {unknown}
Comestibles
 c - 16 rations
 m - 2 chunks of flesh


   Skills:
 - Level 5.0 Fighting
 - Level 1.7 Dodging
 + Level 6.4 Shields
 * Level 8.2 Unarmed Combat
 - Level 3.1 Spellcasting
 + Level 7.3 Transmutations
 - Level 2.4 Poison Magic
 - Level 4.0 Invocations


You had 8 spell levels left.
You knew the following spells:

 Your Spells              Type           Power        Failure   Level  Hunger
a - Beastly Appendage     Tmut           ####..       4%          1    #......
b - Sticks to Snakes      Tmut           ####....     6%          2    ##.....
c - Spider Form           Tmut/Pois      ###.......   21%         3    ###....

Your spell library contained the following spells:

 Spells                   Type           Power        Failure   Level  Hunger
 Blade Hands              Tmut           ####......   47%         5    ######.
 Ice Form                 Ice/Tmut       ##......     61%         4    #####..


Dungeon Overview and Level Annotations

Branches:
Dungeon (8/15)             Temple (1/1) D:7
   Lair: D:8-11

Altars:
Ashenzari
Cheibriados
Dithmenos
Elyvilon
Fedhas
Gozag
Hepliaklqana
Kikubaaqudgha
Makhleb
Nemelex Xobeh
Okawaru
Qazlal
Ru
Trog
Uskayaw
Vehumet
Wu Jian
Xom
Yredelemnul
Zin
The Shining One

Shops:
D:5 (%[*}   D:7 }

Annotations:
D:7 5 runed translucent doors, exclusion: 2 doors


Innate Abilities, Weirdness & Mutations

((You can breathe blasts of noxious fumes.))
((Your lurid green scales are hard. (AC +7)))
You cannot fit into any form of body armour.
((Your system is resistant to poisons. (rPois)))
((You are cold-blooded and may be slowed by cold attacks.))


Message History

You feel hot and cold all over. The killer bee closely misses you.
Your neqoxec barely misses the killer bee.
The killer bee stings you!
* * * LOW HITPOINT WARNING * * *
You bite the killer bee!
The killer bee is poisoned.
The killer bee is almost dead.
You kill the killer bee!
Makhleb accepts your kill.
Your neqoxec closely misses the killer bee.
Some of the chunks of flesh in your inventory have rotted away.
The killer bee completely misses you.
Your neqoxec closely misses the killer bee.
The killer bee stings you.
* * * LOW HITPOINT WARNING * * *
There is a stone staircase leading up here.
You hit the killer bee but do no damage.
The killer bee is poisoned.
The killer bee completely misses you.
Your neqoxec completely misses the killer bee.
The killer bee stings you.
You die...

........####.#######
.........÷..........
..##########.#######
. ..#..#.#
..#####.#..#.#
........#..#.#
..$.....3..#.#
.......y#†##.#
##.....s#.##.#
...####.#W##.# ##
#........#
#........#
#........#
#........#
..........##
....?.....+
..........#


You could see a killer bee and a friendly neqoxec.

Vanquished Creatures
  A hungry ghost (D:7)
  The ghost of karf the Shield-Bearer, an amateur FoFi of Qazlal (D:4)
  A water moccasin (D:7)
  2 orc warriors (D:6)
  2 ice beasts
  An ogre (D:4)
  2 phantoms (D:4)
  2 centaurs (D:7)
  A big kobold (D:7)
  4 bullfrogs
  4 killer bees (D:8)
  6 scorpions
  4 wights (D:8)
  2 jellies (D:6)
  A howler monkey (D:4)
  A crimson imp (D:7)
  2 bullfrog zombies (D:5)
  6 hounds
  3 orc priests
  Crazy Yiuf (D:2)
  A centaur skeleton (D:7)
  6 orc wizards
  A bullfrog skeleton (D:6)
  Jessica (D:2)
  2 iguanas
  9 worker ants
  2 hound zombies
  A worker ant zombie (D:6)
  12 adders
  11 gnolls
  A river rat (D:4)
  4 adder skeletons
  2 worms
  6 leopard geckos
  24 orcs
  3 ball pythons
  7 giant cockroaches
  2 gnoll zombies (D:6)
  2 goblins
  8 hobgoblins
  11 jackals
  4 quokkas
  9 bats
  5 frilled lizards
  A jackal skeleton (D:6)
  12 kobolds
  9 rats
203 creatures vanquished.

Notes
Turn   | Place    | Note
-------+----------+-------------------------------------------
     0 | D:1      | Kohma the Draconian Transmuter began the quest for the Orb.
     0 | D:1      | Reached XP level 1. HP: 16/16 MP: 3/3
    99 | D:1      | Reached XP level 2. HP: 21/23 MP: 5/5
   106 | D:1      | Learned a level 2 spell: Sticks to Snakes
   576 | D:2      | Found a burning altar of Makhleb.
   590 | D:2      | Reached XP level 3. HP: 6/28 MP: 1/6
   873 | D:1      | Learned a level 3 spell: Spider Form
   888 | D:2      | Became a worshipper of Makhleb the Destroyer
   973 | D:2      | Found a runed translucent door.
   974 | D:2      | Noticed Crazy Yiuf
   982 | D:2      | Killed Crazy Yiuf
   982 | D:2      | Reached skill level 1 in Poison Magic
   982 | D:2      | Reached XP level 4. HP: 3/35 MP: 3/8
  1906 | D:2      | Noticed Jessica
  1917 | D:2      | Killed Jessica
  1917 | D:2      | Reached * piety under Makhleb
  2553 | D:3      | Found a sparkling altar of Nemelex Xobeh.
  2698 | D:3      | Found a shattered altar of Ashenzari.
  2706 | D:3      | Reached XP level 5. HP: 40/40 MP: 9/9
  4030 | D:4      | Reached XP level 6. HP: 36/48 MP: 6/10
  4083 | D:4      | Reached skill level 5 in Transmutations
  4869 | D:4      | Your scales start taking on a lurid green colour.
  4869 | D:4      | Reached XP level 7. HP: 35/56 MP: 5/11
  4869 | D:4      | Gained mutation: Your system is resistant to poisons.
                  | (rPois) [Green Draconian growth]
  4937 | D:4      | Reached skill level 1 in Shields
  4938 | D:4      | Reached ** piety under Makhleb
  4953 | D:4      | HP: 2/56 [phantom (4)]
  5374 | D:4      | Reached skill level 4 in Unarmed Combat
  5459 | D:4      | Found a runed translucent door.
  5459 | D:4      | Noticed karf's ghost (amateur FoFi)
  5493 | D:4      | Killed karf's ghost
  6057 | D:5      | Entered Level 5 of the Dungeon
  6074 | D:4      | Reached XP level 8. HP: 49/66 MP: 9/12
  6091 | D:5      | Reached skill level 5 in Unarmed Combat
  6352 | D:5      | Found Jegihu's Gadget Boutique.
  6355 | D:5      | Bought a wand of iceblast (5) for 108 gold pieces
  6399 | D:5      | Found an opulent altar of Gozag.
  6429 | D:5      | Found a shadowy altar of Dithmenos.
  6449 | D:5      | Found a radiant altar of Vehumet.
  6465 | D:5      | Found a snail-covered altar of Cheibriados.
  6548 | D:5      | Found Emiuhueg's Antique Armour Emporium.
  6585 | D:5      | Found Itov Efe's Antique Weapon Shop.
  6601 | D:5      | Found Zovviwn's Food Shop.
  6629 | D:5      | Found Piaxzidi's General Store.
  6974 | D:6      | Reached *** piety under Makhleb
  7442 | D:6      | Reached skill level 6 in Unarmed Combat
  7442 | D:6      | Reached skill level 1 in Invocations
  8256 | D:6      | Reached skill level 5 in Fighting
  8256 | D:6      | Reached skill level 5 in Shields
  8413 | D:6      | Reached XP level 9. HP: 39/74 MP: 11/13
  8907 | D:6      | Found a basalt altar of Yredelemnul.
  9080 | D:7      | Found Xicun's Gadget Shop.
  9332 | D:7      | Bought a wand of enslavement (4) for 78 gold pieces
  9402 | D:7      | Reached skill level 7 in Unarmed Combat
  9582 | D:7      | Found a shimmering altar of Xom.
  9653 | D:7      | Found a staircase to the Ecumenical Temple.
  9803 | D:7      | Reached **** piety under Makhleb
  9870 | Temple   | Entered the Ecumenical Temple
 10104 | D:7      | Found a runed translucent door.
 10110 | D:7      | Found a runed translucent gate.
 10111 | D:7      | Found a runed translucent gate.
 10121 | D:7      | Found a runed translucent gate.
 10129 | D:7      | Found a runed translucent door.
 10137 | D:7      | Found the +9 staff of Olgreb {rPois∞}
 10655 | D:7      | Found a white marble altar of Elyvilon.
 11072 | D:8      | Reached skill level 8 in Unarmed Combat
 11105 | D:8      | HP: 2/74 [killer bee (7)]
 11109 | D:8      | Slain by a killer bee

Levels and vault maps discovered:
D:1:      lemuel_arrival_broad_hall, layout_loops_cross, minmay_misc_feat_iff
D:2:      layout_loops_ring, makhleb_heckhound_becter, kennysheep_jessica_study,
          uniq_crazy_yiuf_cottage
D:3:      layout_loops_ring, nemelex_xobeh_ov_fountains_minmay,
          evilmike_ruin_ashenzari
D:4:      layout_loops_ring, gup_sewer_entry_bowl, ebering_ghost_sewer_d,
          first_ration
D:5:      layout_rooms, grunt_temple_overflow_cloverleaf, serial_shops, shop,
          nicolae_shop_behind_doors, nicolae_shop_behind_doors, shop, shop,
          hangedman_abyss_or_decor_stagger
D:6:      layout_basic, lemuel_zombie_altar_yredelemnul
D:7:      cheibrodos_two_vegetables, layout_rooms, elyvilon_altar_1,
          kennysheep_mini, minmay_temple_entry_gardened_gates, serial_shops,
          shop, minmay_guarded_unrand_staff_of_olgreb
D:8:      layout_basic
Temple:   minmay_temple_bridge_abc

Skill      XL: |  1  2  3  4  5  6  7  8  9 |
---------------+----------------------------+-----
Transmutations | 3 4 5 6 7 |  7.3
Poison Magic   | 1 2 |  2.4
Spellcasting   | 3 |  3.1
Fighting       | 2 4 5 |  5.0
Shields        | 3 5 6 |  6.4
Unarmed Combat | 4 6 8 |  8.2
Invocations    | 2 4 |  4.0
Dodging        | |  1.7

Action                   |  1- 3 |  4- 6 |  7- 9 || total
-------------------------+-------+-------+-------++-------
Melee: Unarmed           |    63 |   108 |   537 ||   708
       Tailslap          |     6 |    22 |    24 ||    52
       Kick              |     3 |     2 |       ||     5
       Dagger            |       |   140 |    24 ||   164
       Punch             |       |     2 |     4 ||     6
       Headbutt          |       |       |     1 ||     1
 Cast: Beastly Appendage |     3 |     3 |     1 ||     7
       Sticks to Snakes  |     1 |     2 |       ||     3
       Spider Form       |     2 |     6 |    36 ||    44
Invok: Lesser Servant of |       |       |     1 ||     1
  Use: Potion            |       |     2 |     5 ||     7
       Scroll            |       |     9 |     4 ||    13
 Stab: Sleeping          |       |     2 |       ||     2
  Eat: Chunk             |     1 |    13 |    23 ||    37
       Ration            |       |       |     1 ||     1
Armor: Skin              |    20 |    88 |    68 ||   176
Dodge: Dodged            |    56 |   219 |   434 ||   709

Table legend:
 A = Non-vault XP
 B = Vault XP
 C = Vault XP percentage of total XP
 D = Non-vault monster count
 E = Vault monster count
 F = Vault count percentage of total count
                 A         B        C        D         E       F
            +---------+---------+-------+---------+---------+-------
      Total |    4630 |     449 |   8.8 |     187 |      16 |   7.9
            +---------+---------+-------+---------+---------+-------
        D:1 |      18 |       0 |   0.0 |      12 |       0 |   0.0
        D:2 |      43 |     117 |  73.1 |      23 |       4 |  14.8
        D:3 |     140 |       0 |   0.0 |      27 |       0 |   0.0
        D:4 |     855 |     232 |  21.3 |      28 |       7 |  20.0
        D:5 |     449 |       0 |   0.0 |      21 |       0 |   0.0
        D:6 |    1177 |       4 |   0.3 |      33 |       2 |   5.7
        D:7 |    1001 |      96 |   8.8 |      23 |       3 |  11.5
        D:8 |     947 |       0 |   0.0 |      20 |       0 |   0.0
            +---------+---------+-------+---------+---------+-------
